 Dungeon Crawl Stone Soup version 0.18.0-1-g0107ab7 (webtiles) character file.

54 Wooh the Slasher (level 3, 0/24 HPs)
             Began as a High Elf Gladiator on May 5, 2016.
             Succumbed to an adder's poison
             ... on level 2 of the Dungeon.
             The game lasted 00:03:29 (1375 turns).

Wooh the Slasher (High Elf Gladiator)               Turns: 1375, Time: 00:03:30

Health: 0/24       AC:  4    Str: 19    XL:     3   Next: 66%
Magic:  4/4        EV: 13    Int: 12    God:
Gold:   75         SH:  0    Dex: 14    Spells: 0 memorised, 2 levels left

rFire  + . .     SeeInvis .     a - +0 long sword
rCold  + . .     Gourm    .     b - +0 leather armour
rNeg   . . .     Faith    .     (no shield)
rPois  +         Spirit   .     c - +0 helmet
rElec  +         Dismiss  .     (no cloak)
rCorr  +         Reflect  .     (no gloves)
SustAt .         Harm     .     (no boots)
MR     .....                    (no amulet)
Stlth  +.........               (no ring)
                                h - -2 ring of dexterity (curse)

@: mighty, lethally poisoned (0 -> -2), resistant, very slightly contaminated,
invisible, not resistant to hostile enchantments, very unstealthy
A: no striking features
a: no special abilities


You were on level 2 of the Dungeon.
You were hungry.

You visited 1 branch of the dungeon, and saw 2 of its levels.

You collected 75 gold pieces.

Inventory:

Hand Weapons
 a - a +0 long sword (weapon)
Missiles
 d - 3 throwing nets (quivered)
Armour
 b - a +0 leather armour (worn)
 c - a +0 helmet (worn)
Jewellery
 h - a cursed -2 ring of dexterity (left hand)
Scrolls
 e - 2 scrolls of enchant armour
 m - a scroll of teleportation
Comestibles
 f - 2 bread rations


   Skills:
 - Level 2.0 Fighting
 + Level 5.6 Long Blades
 - Level 2.0 Throwing
 - Level 3.2 Dodging


You had 2 spell levels left.
You didn't know any spells.

Dungeon Overview and Level Annotations

Branches:
Dungeon (2/15)

Altars:
Qazlal


Message History

Drink which item? (? for menu, Esc to quit)
It was a potion of cure mutation.
It has a very clean taste.
The bat hits you but does no damage.
Drink which item? (? for menu, Esc to quit)
It was a potion of invisibility.
You fade into invisibility!
* * * LOW HITPOINT WARNING * * *
You feel sick. The bat closely misses you.
You are very lightly contaminated with residual magic.
Drink which item? (? for menu, Esc to quit)
It was a potion of resistance.
You feel protected. The bat barely misses you.
You closely miss the bat.
The bat is moderately wounded.
The bat barely misses you. The bat misses you.
You barely miss the bat.
The bat is moderately wounded.
You die...

#..............#####...
####....##...)............
###.......##.(..............
...........######..[........
##.........#### #...........
.#.............##.......####
............................
###............##.......##..
..........>....b@...........
###.......#######.........$(
#.........# .............
###...###.# ..............
#E#...#E### ..........#.#..
###...#### ..?.......#.###
.........### #.........
...._......####.........
..............)..


You could see a bat.

Vanquished Creatures
  An adder (D:2)
  An ooze (D:1)
  2 dart slugs (D:1)
  3 giant geckos
  A giant cockroach (D:1)
  A goblin (D:2)
  8 hobgoblins
  2 jackals (D:1)
  A quokka (D:2)
  2 ball pythons (D:2)
  5 bats
  A giant newt (D:1)
  A kobold (D:1)
  3 rats (D:1)
32 creatures vanquished.

Notes
Turn   | Place    | Note
--------------------------------------------------------------
     0 | D:1      | Wooh the High Elf Gladiator began the quest for the Orb.
     0 | D:1      | Reached XP level 1. HP: 14/14 MP: 2/2
    90 | D:1      | Reached skill level 4 in Long Blades
   237 | D:1      | Reached XP level 2. HP: 19/19 MP: 3/3
   649 | D:1      | Reached skill level 5 in Long Blades
   739 | D:1      | Reached XP level 3. HP: 23/24 MP: 4/4
  1273 | D:2      | Found a stormy altar of Qazlal.
  1273 | D:2      | Noticed an air elemental
  1282 | D:2      | Noticed a water elemental
  1285 | D:2      | Noticed an earth elemental
  1285 | D:2      | Noticed a fire elemental
  1371 | D:2      | HP: 1/24 [poisoned by an adder]
  1375 | D:2      | Succumbed to an adder's poison

Skill      XL: |  1  2 |
---------------+-------+-----
Long Blades    | 4 5 |  5.6
Fighting       | |  2.0
Throwing       | |  2.0
Dodging        | |  3.2

Action                   || total
-------------------------++-------
Melee: Long sword        ||   109
  Use: Potion            ||     4
       Scroll            ||     2
  Eat: Chunk             ||     1
Armor: Leather armour    ||    48
Dodge: Dodged            ||    96
